Map: Jagannatha LE

Players

Ashendar - Winner!

  • Race: Protoss Protoss
  • Spawn Location: 7:00

Gracio

  • Race: Zerg Zerg
  • Spawn Location: 1:00

VOD

Have the link to the VOD?

Description

Time

  • Played on: Oct. 1, 2020, 12:47 p.m.
  • Length: 19:53
Show
View Real Time Build Order
Export as new Build Order

Ashendar Protoss - Winner!

Build Orders: 1 Gate Expand, Zealot Archon 

Get SALT Encoding   

  12  0:14  Pylon  
  12  0:17  Probe  
  13  0:26  Pylon  
  13  0:38  Gateway  
  13  0:49  Assimilator  
  13  1:21  Nexus  
  13  1:23  Probe  
  14  1:35  Probe  
  14  1:37  Zealot  
  17  2:25  Pylon  
  17  2:35  Cybernetics Core, Probe (Chrono Boost)  
  18  2:42  Probe (Chrono Boost)  
  20  2:45  Probe (Chrono Boost)  
  20  2:47  Probe (Chrono Boost)  
  20  2:50  Probe (Chrono Boost)  
  21  2:53  Assimilator  
  22  3:02  Probe (Chrono Boost)  
  23  3:12  Probe (Chrono Boost)  
  25  3:20  Probe (Chrono Boost), Warp Gate  
  25  3:22  Probe (Chrono Boost)  
  25  3:26  Probe x2 (Chrono Boost)  
  27  3:33  Pylon  
  28  3:38  Probe x2  
  30  3:55  Twilight Council  
  30  4:01  Pylon  
  30  4:03  Pylon  
  30  4:33  Resonating Glaives  
  30  4:38  Probe (Chrono Boost)  
  31  4:47  Probe (Chrono Boost)  
  31  4:52  Probe (Chrono Boost)  
  32  4:57  Gateway  
  33  5:04  Probe  
  34  5:16  Probe  
  34  5:18  Templar Archives  
  35  5:26  Adept  
  37  5:37  Gateway  
  37  5:42  Gateway  
  37  5:46  Gateway  
  37  5:48  Pylon  
  37  5:53  Pylon  
  37  6:07  Probe (Chrono Boost)  
  38  6:12  Assimilator, Nexus  
  38  6:13  Charge  
  38  6:15  Assimilator  
  38  6:19  Probe (Chrono Boost)  
  39  6:28  Probe (Chrono Boost)  
  40  6:33  Probe  
  40  6:34  Pylon  
  40  6:37  Pylon  
  41  6:45  Probe  
  41  6:46  High Templar  
  44  6:47  High Templar  
  46  6:58  Probe  
  46  6:59  Archon  
  47  7:15  Probe  
  49  7:30  Probe (Chrono Boost)  
  49  7:31  Probe (Chrono Boost)  
  50  7:42  Probe (Chrono Boost)  
  50  7:43  Probe (Chrono Boost)  
  52  7:46  Probe (Chrono Boost)  
  52  7:49  High Templar x2  
  57  7:51  Probe  
  57  7:57  Probe  
  59  8:03  Probe  
  59  8:04  Adept x2  
  59  8:05  Adept  
  62  8:09  Probe  
  62  8:10  Archon  
  59  8:15  Probe  
  55  8:27  Zealot x3  
  49  8:28  Zealot x2  
  26  8:57  Adept  
  26  8:58  Adept x2  
  26  8:59  Adept x2  
  32  9:21  Zealot  
  32  9:22  Zealot x2  
  32  9:23  Zealot  
  32  9:24  Zealot  
  38  9:26  Psionic Storm  
  36  9:34  Probe (Chrono Boost)  
  37  9:43  Probe (Chrono Boost)  
  39  9:46  Probe (Chrono Boost)  
  39  9:52  Probe x2 (Chrono Boost)  
  41  9:54  High Templar x2  
  41  9:56  Probe (Chrono Boost)  
  41  9:57  Probe  
  41  9:58  Zealot x2  
  41  9:59  Zealot  
  53  10:08  Probe  
  53  10:09  Probe  
  55  10:20  Probe  
  56  10:21  Probe  
  57  10:34  Probe  
  58  10:39  High Templar  
  58  10:40  Zealot  
  58  10:41  Zealot x2  
  58  10:42  Zealot  
  68  10:46  Probe (Chrono Boost)  
  69  10:56  Dark Shrine  
  69  11:02  Archon  
  69  11:22  High Templar  
  71  11:45  Robotics Facility  
  71  11:52  Archon  
  71  12:00  Assimilator  
  71  12:04  Assimilator  
  71  12:10  Pylon  
  71  12:23  Stargate  
  71  12:27  Zealot x2  
  71  12:28  Zealot x2  
  79  12:31  Dark Templar  
  81  12:45  Probe  
  82  12:57  Probe  
  79  13:09  Probe  
  66  13:21  Probe  
  65  13:29  Adept x3  
  65  13:30  Adept x2  
  65  13:33  Probe  
  66  14:07  High Templar  
  66  14:08  High Templar  
  66  14:09  High Templar  
  72  14:10  High Templar  
  72  14:14  Zealot  
  76  14:20  Archon  
  76  14:25  Archon  
  76  14:42  Pylon  
  76  14:46  Pylon  
  76  14:53  Gateway, Probe (Chrono Boost)  
  77  15:04  Probe (Chrono Boost)  
  77  15:05  Gateway  
  78  15:08  Gateway, Probe (Chrono Boost)  
  79  15:20  Probe  
  79  15:21  High Templar x2  
  82  15:22  Dark Templar  
  82  15:23  Dark Templar  
  82  15:26  Stalker  
  90  15:28  Protoss Air Weapons Level 1  
  90  15:54  Gateway  
  90  16:16  High Templar  
  90  16:17  High Templar  
  94  16:19  High Templar x2  
  94  16:20  Zealot  
  94  16:21  Zealot  
  94  16:22  Zealot x2  
  106  16:28  Archon  
  106  16:36  Archon  
  106  16:38  Archon  
  106  16:43  Immortal (Chrono Boost)  
  110  17:03  Void Ray  
  110  17:04  Shadow Stride  
  110  17:13  Immortal  
  118  17:30  Forge  
  118  17:37  Protoss Air Armor Level 1  
  118  17:42  High Templar x2  
  118  17:43  High Templar  
  124  17:52  Pylon  
  124  17:54  Pylon  
  124  17:56  Pylon  
  124  17:59  Pylon  
  124  18:02  Archon  
  124  18:04  Void Ray  
  124  18:10  Immortal  
  104  18:47  Oracle  
  95  18:49  Immortal  
  99  19:24  Phoenix  
  101  19:44  Zealot  
  101  19:45  Zealot x3  
  107  19:46  Zealot  
  107  19:47  Zealot  
Show
View Real Time Build Order
Export as new Build Order

Gracio Zerg 

Build Orders: Pool First 

Get SALT Encoding   

  12  0:09  Overlord  
  12  0:13  Drone  
  13  0:30  Drone  
  13  0:31  Drone  
  15  0:49  Drone x2  
  17  0:50  Extractor  
  16  1:12  Drone x2  
  18  1:21  Drone  
  19  1:25  Overlord  
  19  1:37  Spawning Pool  
  18  1:52  Drone  
  19  2:15  Extractor  
  18  2:16  Overlord, Drone x2  
  20  2:39  Zergling x2  
  20  2:40  Zergling x2  
  22  3:01  Drone  
  22  3:02  Drone  
  24  3:23  Zergling x2  
  24  3:24  Zergling x2  
  26  3:28  Metabolic Boost  
  26  3:36  Queen  
  26  3:40  Roach Warren  
  27  4:12  Queen  
  29  4:32  Roach  
  29  4:33  Roach x2  
  35  4:48  Queen  
  37  4:55  Ravager  
  38  5:01  Overlord x2  
  38  5:26  Ravager x2  
  40  5:33  Roach x3  
  46  5:47  Hatchery  
  45  5:52  Lair  
  45  6:01  Roach x2  
  49  6:27  Drone  
  50  6:46  Roach  
  50  6:47  Roach  
  54  6:49  Overlord  
  54  7:00  Overlord  
  54  7:33  Roach x3  
  60  7:43  Spire  
  59  7:45  Drone  
  59  7:46  Drone x2  
  58  8:35  Drone  
  58  8:36  Drone x2  
  54  9:08  Extractor  
  44  9:31  Mutalisk x3  
  50  9:39  Roach x3  
  56  9:46  Glial Reconstitution  
  56  10:00  Mutalisk x2  
  60  10:11  Ravager x6  
  60  10:12  Ravager x2  
  68  10:27  Hydralisk Den  
  67  10:29  Roach x3  
  73  10:55  Mutalisk, Drone  
  76  11:04  Tunneling Claws  
  76  11:47  Overlord x3  
  76  11:57  Overlord  
  76  12:02  Zerg Flyer Weapons Level 1  
  76  12:06  Grooved Spines  
  76  12:12  Hydralisk x2  
  80  12:23  Mutalisk  
  80  12:29  Mutalisk  
  82  12:33  Mutalisk  
  86  12:42  Extractor, Drone x2  
  87  13:00  Extractor  
  51  13:18  Muscular Augments  
  39  13:40  Hydralisk  
  39  13:41  Hydralisk x2  
  45  13:49  Hydralisk x3  
  51  13:56  Zerg Flyer Armor Level 1  
  51  14:05  Hatchery, Drone x2  
  52  14:32  Hydralisk x2  
  52  14:36  Hydralisk x3  
  62  14:49  Infestation Pit  
  61  14:58  Drone  
  61  14:59  Drone x2  
  64  15:07  Hydralisk  
  64  15:08  Hydralisk  
  68  15:29  Hive  
  68  15:38  Hydralisk x3  
  74  15:44  Hydralisk x2  
  74  15:45  Hydralisk  
  80  16:07  Mutalisk x2  
  84  16:27  Hydralisk  
  84  16:28  Hydralisk x2  
  90  16:44  Pathogen Glands  
  90  16:56  Ultralisk Cavern  
  90  16:59  Mutalisk  
  91  17:09  Drone x3  
  94  17:19  Extractor  
  93  17:36  Drone x2  
  95  17:41  Mutalisk, Neural Parasite, Hydralisk  
  95  17:42  Mutalisk  
  101  18:06  Chitinous Plating  
  101  18:20  Extractor  
  100  18:29  Spine Crawler  
Tags
 
Add a new tag
Caveats
  • Supply blocks, unpowered buildings, or Contaminate may cause inaccurate times.
  • Supply counts are checked every 10 seconds.